 Dungeon Crawl Stone Soup version 0.31-a0-836-g3ceb0a68c4 (webtiles) character file.

Game seed: 3737694229996415008

497 subawu the Ruffian (level 7, -2/78 HPs)
             Began as a Gnoll Shapeshifter on Sept 26, 2023.
             Slain by an ogre
             ... wielding a +0 giant club
              (14 damage)
             ... on level 5 of the Dungeon.
             The game lasted 00:10:56 (3160 turns).

subawu the Ruffian (Gnoll Shapeshifter)             Turns: 3160, Time: 00:10:57

Health: -2/78      AC: 23    Str: 15    XL:     7   Next: 16%
Magic:  10/10      EV:  2    Int:  9    God:
Gold:   174        SH:  5    Dex: 18    Spells: 10/10 levels left

rFire   . .          .
                       - Unarmed
rCold   . . .        (no shield)
rNeg    . . .        r - melded +5 scale mail of Panentheism {rElec rC+ Dex+3}
rPois   +            (helmet currently unavailable)
rElec   .            (cloak currently unavailable)
rCorr   .            (gloves currently unavailable)
SInv    +            (boots currently unavailable)
Will    .....        m - amulet of reflection
Stlth   ++           z - ring of see invisible
HPRegen 0.33/turn    k - +6 ring of dexterity
MPRegen 0.12/turn

%: reflection
@: tree-form
A: stationary, stasis, torment immunity, boosted hp, (fangs 1), strong nose,
distributed training
a: no special abilities


You were on level 5 of the Dungeon.
You were a tree.
You visited 1 branch of the dungeon, and saw 5 of its levels.

You collected 324 gold pieces.
You spent 150 gold pieces at shops.

Inventory:

Missiles
 y - 3 boomerangs
Armour
 a - a +0 animal skin
 f - a +0 robe
 j - a +0 leather armour
 q - a +0 chain mail
 r - the +5 scale mail of Panentheism (melded) {rElec rC+ Dex+3}
   (You found it on level 2 of the Dungeon)

   Dex+3:     It affects your dexterity (+3).
   rC+:       It protects you from cold.
   rElec:     It insulates you from electricity.
 t - a scarf of harm
 D - a +0 pair of boots
Jewellery
 k - a +6 ring of dexterity (right branch)
 m - an amulet of reflection (around neck)
 z - a ring of see invisible (left branch)
 B - a ring of wizardry
Talismans
 c - a beast talisman
 d - a flux talisman
Scrolls
 g - 6 scrolls of identify {unknown}
 h - 2 scrolls of fog {unknown}
 i - a scroll of teleportation {unknown}
 s - a scroll of acquirement {unknown}
 u - a scroll of torment {unknown}
 v - a scroll of enchant weapon {unknown}
 w - a scroll of blinking {unknown}
 x - a scroll of vulnerability {unknown}
 A - a scroll of amnesia {unknown}
Potions
 b - a potion of lignification
 e - 2 potions of magic {unknown}
 l - a potion of berserk rage {unknown}
 n - a potion of heal wounds {unknown}
 o - a potion of might {unknown}
 p - a potion of degeneration {unknown}
 C - a potion of curing {unknown}


   Skills:
 + Level 3.5 Fighting
 + Level 2.3 Short Blades
 + Level 2.3 Long Blades
 + Level 2.3 Axes
 + Level 2.3 Maces & Flails
 + Level 2.3 Polearms
 + Level 2.3 Staves
 + Level 2.3 Ranged Weapons
 + Level 2.3 Throwing
 + Level 2.3 Armour
 + Level 5.2 Dodging
 + Level 2.3 Stealth
 + Level 2.3 Shields
 + Level 7.0 Unarmed Combat
 + Level 2.3 Spellcasting
 + Level 1.9 Conjurations
 + Level 1.9 Hexes
 + Level 1.9 Summonings
 + Level 1.9 Necromancy
 + Level 1.9 Translocations
 + Level 1.9 Transmutations
 + Level 1.9 Fire Magic
 + Level 1.9 Ice Magic
 + Level 1.9 Air Magic
 + Level 1.9 Earth Magic
 + Level 1.9 Poison Magic
 + Level 2.6 Invocations
 + Level 2.3 Evocations
 + Level 6.9 Shapeshifting


You had 10 spell levels left.
You didn't know any spells.
Your spell library contained the following spells:

 Spells                   Type           Power      Damage    Failure   Level
 Blink                    Tloc           8%         N/A       22%         2
 Lesser Beckoning         Tloc           8%         N/A       22%         2
 Momentum Strike          Conj/Tloc      8%         3d8       22%         2
 Passage of Golubria      Tloc           4%         N/A       82%         4
 Silence                  Hex/Air        2%         N/A       99%         5
 Lehudib's Crystal Spear  Conj/Erth      2%         10d2      100%        8


Dungeon Overview and Level Annotations

Branches:
Dungeon (5/15)
 Temple: D:4-7

Altars:
Qazlal
Wu Jian
Xom
Zin

Shops:
D:4 =


Innate Abilities, Weirdness & Mutations

You are a tree.
Your roots penetrate the ground, keeping you stationary.
You cannot be teleported.
You are immune to unholy pain and torment.
Your maximum health is greatly increased.
Your equipment is partially melded.
((You have very sharp teeth.))
Your uncanny sense of smell can sniff out nearby items.
Your experience applies equally to all skills.


Message History

The scorpion is severely wounded.
You feel sick. You block the jackal's attack.
The jackal bites you but does no damage.
The scorpion barely misses you.
You hit the scorpion.
The scorpion is almost dead.
You feel sick. You block the jackal's attack. The jackal closely misses you.
The ogre hits you with a +0 giant club!!
* * * LOW HITPOINT WARNING * * *
The scorpion stings you.
* * * LOW HITPOINT WARNING * * *
The jackal misses you.
Your transformation has ended.
You turn into a tree.
The +5 scale mail of Panentheism {rElec rC+ Dex+3} melds into your body.
Your roots penetrate the ground.
You feel sick. The jackal barely misses you.
The scorpion stings you but does no damage.
The jackal bites you but does no damage.
An ogre comes into view. It is wielding a +0 giant club.
The jackal bites you but does no damage.
Unknown command.
You hit the scorpion but do no damage.
The scorpion is almost dead.
You feel sick. The ogre hits you with a +0 giant club.
* * * LOW HITPOINT WARNING * * *
The jackal bites you but does no damage.
The scorpion stings you but does no damage.
The quokka bites you but does no damage.
The jackal bites you but does no damage.
You block the orc's attack.
You closely miss the scorpion.
The scorpion is almost dead.
You feel sick.
You are no longer poisoned.
The jackal bites you but does no damage.
You block the quokka's attack.
The jackal bites you but does no damage.
The scorpion stings you but does no damage.
The orc hits you but does no damage. The ogre hits you with a +0 giant club!
You die... # ... ∆ # ###O# ..#### # #.... # ......## ...# #$. ........ ###..###.. ..####.. ....... #.. #oOr#

##. #♣s## ##. ..
#hh)############..
....##.†##...#........
..........._...###...#
......#.......## #<###
....#>....##### #.# #
.#####.....# #.#
###.b<.. #.# .......
#.#


You could see 2 ogres, a scorpion, an orc, a quokka and 2 jackals.

Vanquished Creatures
  An ice beast (D:4)
  A scorpion (D:3)
  A howler monkey (D:4)
  An orc priest (D:4)
  A sleepcap (D:4)
  Crazy Yiuf (D:4)
  An orc wizard (D:5)
  8 adders
  A white imp (D:4)
  3 worms
  3 dart slugs
  11 orcs
  6 ball pythons
  5 bats
  6 endoplasms
  14 giant cockroaches
  7 goblins
  2 hobgoblins
  6 jackals
  7 kobolds
  7 quokkas
  4 frilled lizards
  3 rats
100 creatures vanquished.

Notes
Turn   | Place    | Note
-------+----------+-------------------------------------------
     0 | D:1      | subawu the Gnoll Shapeshifter began the quest for the Orb.
     0 | D:1      | Reached XP level 1. HP: 17/17 MP: 1/1
   226 | D:1      | Reached XP level 2. HP: 19/23 MP: 2/2
   664 | D:2      | Reached XP level 3. HP: 13/28 MP: 2/4
   849 | D:2      | Reached skill level 1 in Invocations
   986 | D:2      | Reached skill level 1 in Short Blades
   986 | D:2      | Reached skill level 1 in Long Blades
   986 | D:2      | Reached skill level 1 in Axes
   986 | D:2      | Reached skill level 1 in Maces & Flails
   986 | D:2      | Reached skill level 1 in Polearms
   986 | D:2      | Reached skill level 1 in Staves
   986 | D:2      | Reached skill level 1 in Ranged Weapons
   986 | D:2      | Reached skill level 1 in Throwing
   986 | D:2      | Reached skill level 1 in Armour
   986 | D:2      | Reached skill level 1 in Stealth
   986 | D:2      | Reached skill level 1 in Shields
   986 | D:2      | Reached skill level 1 in Spellcasting
   986 | D:2      | Reached skill level 1 in Evocations
  1025 | D:2      | Reached XP level 4. HP: 32/34 MP: 5/5
  1135 | D:2      | Identified the +5 scale mail of Panentheism {rElec rC+
                  | Dex+3}
  1263 | D:2      | Found a faded altar of an unknown god.
  1275 | D:2      | Reached skill level 1 in Conjurations
  1275 | D:2      | Reached skill level 1 in Hexes
  1275 | D:2      | Reached skill level 1 in Summonings
  1275 | D:2      | Reached skill level 1 in Necromancy
  1275 | D:2      | Reached skill level 1 in Translocations
  1275 | D:2      | Reached skill level 1 in Transmutations
  1275 | D:2      | Reached skill level 1 in Fire Magic
  1275 | D:2      | Reached skill level 1 in Ice Magic
  1275 | D:2      | Reached skill level 1 in Air Magic
  1275 | D:2      | Reached skill level 1 in Earth Magic
  1275 | D:2      | Reached skill level 1 in Poison Magic
  1518 | D:3      | Noticed a scorpion
  1531 | D:3      | Killed a scorpion
  1532 | D:3      | Reached XP level 5. HP: 39/41 MP: 5/7
  1932 | D:3      | Found a stormy altar of Qazlal.
  1932 | D:3      | Found a glowing silver altar of Zin.
  2030 | D:4      | Noticed an ice beast
  2043 | D:4      | Killed an ice beast
  2044 | D:4      | Reached skill level 5 in Dodging
  2044 | D:4      | Reached XP level 6. HP: 47/47 MP: 7/9
  2180 | D:4      | Found Nituajok's Jewellery Emporium.
  2188 | D:4      | Bought a ring of see invisible for 150 gold pieces
  2209 | D:4      | Found a runed translucent door.
  2210 | D:4      | Noticed Crazy Yiuf
  2217 | D:4      | Killed Crazy Yiuf
  2248 | D:4      | Found an ornate altar of the Wu Jian Council.
  2538 | D:4      | Reached XP level 7. HP: 50/52 MP: 10/10
  2657 | D:4      | Reached skill level 7 in Unarmed Combat
  3085 | D:5      | Entered Level 5 of the Dungeon
  3114 | D:5      | Found a shimmering altar of Xom.
  3160 | D:5      | Slain by an ogre

Illustrated notes

Levels and vault maps discovered:
D:1:      psy_arrival_whirlpool, layout_basic
D:2:      minmay_roachtagon, layout_rooms,
          chequers_ecumenical_altar_simple_redux
D:3:      layout_rooms, gammafunk_temple_overflow_statue
D:4:      layout_loops_ring, nicolae_wu_jian_immortal_techniques, serial_shops,
          shop, uniq_crazy_yiuf_cottage
D:5:      layout_rooms, yredelemnul_altar_generic, xom_butterflies,
          ebering_ghost_sewer_f

Skill      XL: |  1  2  3  4  5  6  7 |
---------------+----------------------+-----
Invocations    | 1 2 |  2.6
Short Blades   | 1 2 |  2.3
Long Blades    | 1 2 |  2.3
Axes           | 1 2 |  2.3
Maces & Flails | 1 2 |  2.3
Polearms       | 1 2 |  2.3
Staves         | 1 2 |  2.3
Ranged Weapons | 1 2 |  2.3
Throwing       | 1 2 |  2.3
Armour         | 1 2 |  2.3
Stealth        | 1 2 |  2.3
Shields        | 1 2 |  2.3
Spellcasting   | 1 2 |  2.3
Evocations     | 1 2 |  2.3
Conjurations   | 1 |  1.9
Hexes          | 1 |  1.9
Summonings     | 1 |  1.9
Necromancy     | 1 |  1.9
Translocations | 1 |  1.9
Transmutations | 1 |  1.9
Fire Magic     | 1 |  1.9
Ice Magic      | 1 |  1.9
Air Magic      | 1 |  1.9
Earth Magic    | 1 |  1.9
Poison Magic   | 1 |  1.9
Fighting       | 3 |  3.5
Dodging        | 5 |  5.2
Unarmed Combat | 7 |  7.0
Shapeshifting  | |  6.9

Action                     |  1- 3 |  4- 6 |  7- 9 || total
---------------------------+-------+-------+-------++-------
  Melee: Unarmed           |    62 |   145 |    26 ||   233
         Bite              |     4 |     7 |     2 ||    13
         Punch             |     2 |     4 |       ||     6
    Use: Potion            |       |     1 |     1 ||     2
 Armour: Animal skin       |     9 |       |       ||     9
         Leather armour    |    33 |    12 |       ||    45
         Scale mail        |       |    74 |    33 ||   107
         Skin              |       |    11 |    13 ||    24
  Dodge: Dodged            |    50 |   116 |    26 ||   192
  Block: Other             |       |    38 |    17 ||    55

Table legend: (Time is in decaauts)
 A = Elapsed time spent in this place.
 B = Non-inter-level travel time spent in this place.
 C = Inter-level travel time spent in this place.
 D = Time resting spent in this place.
 E = Time spent auto-exploring this place.
 F = Levels seen in this place.
 G = Mean time per level.
                   A        B        C        D        E       F      G
               +--------+--------+--------+--------+--------+-----+--------+
         Total |   3131 |   2743 |    388 |    169 |   1444 |   5 |  626.2 |
       Dungeon |   3131 |   2743 |    388 |    169 |   1444 |   5 |  626.2 |
               +--------+--------+--------+--------+--------+-----+--------+

Top non-repeatable levels by time:
     D:4: 1049 daAuts
     D:2: 828 daAuts
     D:1: 653 daAuts
     D:3: 527 daAuts
     D:5: 72 daAuts
